 Dungeon Crawl Stone Soup version 0.25-a0-420-g1cc7eeb0d1 (webtiles) character file.

Game seed: 1753529531184457869, levelgen mode: deterministic

374858 Hasart the Warrior (level 22, 0/184 HPs)
             Began as a Demonspawn Gladiator on Jan 18, 2020.
             Was the Champion of Makhleb.
             Killed from afar by an ancient champion (26 damage)
             ... with a bolt of negative energy
             ... on level 1 of the Crypt on Jan 19, 2020.
             The game lasted 02:50:58 (50663 turns).

Hasart the Warrior (Demonspawn Gladiator)          Turns: 50663, Time: 02:50:58

Health: 0/184      AC: 16    Str: 28    XL:     22   Next: 7%
Magic:  0/29       EV: 17    Int: 13    God:    Makhleb [******]
Gold:   2689       SH: 18    Dex: 16    Spells: 21/21 levels left

rFire    + . .     SeeInvis +   y - +3 eveningstar (vamp)
rCold    . . .     Gourm    .   o - +0 shield
rNeg     . . .     Faith    .   c - +1 chain mail of Okawaru's Envy {+Fly Str+2}
rPois    +         Spirit   +   h - +1 hat {SInv}
rElec    .         Reflect  +   L - +0 cloak
rCorr    .         Harm     .   N - +2 pair of gloves {Str+3}
MR       ++...                  (boots unavailable)
Stlth    ..........             n - +5 amulet of reflection
HPRegen  0.40/turn              x - ring of protection from magic
MPRegen  0.42/turn              G - +3 ring of strength

@: lethally poisoned (0 -> -2), heavily drained, repel missiles
A: hooves 3, repulsion field 3, fire resistance 1, mutation resistance 1, poison
resistance, powered by death 2, magic shield, magic regeneration, magic link,
flame cloud immunity
}: 1/15 runes: gossamer
a: Minor Destruction, Lesser Servant of Makhleb, Major Destruction, Greater
Servant of Makhleb, Renounce Religion, Evoke Flight


You were on level 1 of the Crypt.
You worshipped Makhleb.
Makhleb was exalted by your worship.
You were not hungry.

You visited 10 branches of the dungeon, and saw 39 of its levels.
You also visited: Bailey, Gauntlet and Ice Cave.

You collected 4123 gold pieces.
You spent 1434 gold pieces at shops.

Inventory:

Hand Weapons
 y - a +3 vampiric eveningstar (weapon)
 J - a +3 morningstar of pain
Missiles
 b - 8 silver boomerangs
 d - 9 throwing nets
 O - 33 boomerangs
 P - 4 silver javelins
 X - 15 javelins (quivered)
Armour
 c - the +1 chain mail of Okawaru's Envy (worn) {+Fly Str+2}
   (You found it on level 2 of the Spider Nest)

   It affects your strength (+2).
   It lets you fly.
 h - a +1 hat of see invisible (worn)
 o - a +0 shield (worn)
 L - a +0 cloak (worn)
 N - a +2 pair of gloves of strength (worn)
Jewellery
 n - a +5 amulet of reflection (around neck)
 x - a ring of protection from magic (left hand)
 z - an uncursed ring of protection from magic
 D - the ring "Wieboixa" {rCorr MP+9}
   (You found it in a Gauntlet)

   [ring of resist corrosion]

   It affects your magic capacity (+9).
   It provides partial protection from all sources of acid and corrosion.
 E - an uncursed ring of protection from fire
 G - a +3 ring of strength (right hand)
 I - an uncursed amulet of regeneration
 M - an uncursed ring of protection from cold
Wands
 B - a wand of iceblast (29)
 K - a wand of flame (17)
 Q - a wand of disintegration (15)
 R - a wand of acid (14)
 W - a wand of digging (26)
Scrolls
 a - 4 scrolls of fear
 e - 4 scrolls of magic mapping
 i - 20 scrolls of identify
 j - 10 scrolls of teleportation
 k - 8 scrolls of enchant armour
 s - 14 scrolls of remove curse
 t - 8 scrolls of enchant weapon
 u - 5 scrolls of amnesia
 w - 2 scrolls of fog
 T - 2 scrolls of blinking
 Z - 2 scrolls of summoning
Potions
 g - 6 potions of haste
 l - 5 potions of mutation
 m - 2 potions of might
 p - 5 potions of curing
 q - a potion of ambrosia
 r - 8 potions of cancellation
 v - a potion of heal wounds
 A - 2 potions of invisibility
 F - 2 potions of brilliance
 H - 4 potions of agility
 U - a potion of resistance
Miscellaneous
 Y - a fan of gales
Comestibles
 f - 53 rations


   Skills:
 + Level 18.1(14.2) Fighting
 + Level 17.9(14.0) Maces & Flails
 + Level 14.6(10.9) Throwing
 - Level 9.0(5.8) Armour
 - Level 12.0(8.5) Dodging
 + Level 14.5(10.8) Shields
 + Level 12.3(8.8) Necromancy
 + Level 10.1(6.8) Invocations
 - Level 7.0(3.9) Evocations


You had 21 spell levels left.
You didn't know any spells.
Your spell library contained the following spells:

 Spells                   Type           Power        Failure   Level  Hunger
 Animate Skeleton         Necr           N/A          7%          1    ##.....
 Pain                     Necr           ###.         7%          1    ##.....
 Sublimation of Blood     Necr           ###.......   11%         2    ###....
 Vampiric Draining        Necr           ###.......   22%         3    ####...
 Corpse Rot               Necr/Air       N/A          54%         2    ###....
 Animate Dead             Necr           N/A          56%         4    #####..
 Dispel Undead            Necr           ###.....     56%         4    #####..
 Apportation              Tloc           #.....       95%         1    ##.....
 Corona                   Hex            #......      95%         1    ##.....
 Freeze                   Ice            #...         95%         1    ##.....
 Infusion                 Chrm           #...         95%         1    ##.....
 Magic Dart               Conj           #...         95%         1    ##.....
 Summon Small Mammal      Summ           #...         95%         1    ##.....
 Blink                    Tloc           N/A          99%         2    ###....
 Call Imp                 Summ           #.......     99%         2    ###....
 Ensorcelled Hibernation  Hex/Ice        #.....       99%         2    ###....
 Shroud of Golubria       Chrm/Tloc      #.....       99%         2    ###....
 Slow                     Hex            #.......     99%         2    ###....
 Song of Slaying          Chrm           #.......     99%         2    ###....
 Call Canine Familiar     Summ           #.......     100%        3    ####...
 Conjure Flame            Conj/Fire      #.......     100%        3    ####...
 Ignite Poison            Fire/Tmut/Pois #.......     100%        3    ####...
 Mephitic Cloud           Conj/Pois/Air  #.......     100%        3    ####...
 Ozocubu's Armour         Chrm/Ice       #.......     100%        3    ####...
 Portal Projectile        Hex/Tloc       #.....       100%        3    ####...
 Recall                   Summ/Tloc      N/A          100%        3    ####...
 Spectral Weapon          Hex/Chrm       #.......     100%        3    ####...
 Summon Guardian Golem    Hex/Summ       #.......     100%        3    ####...
 Cause Fear               Hex            #.........   100%        4    #####..
 Hailstorm                Conj/Ice       #.......     100%        4    #####..
 Ice Form                 Ice/Tmut       #.......     100%        4    #####..
 Leda's Liquefaction      Hex/Erth       #.........   100%        4    #####..
 Summon Ice Beast         Ice/Summ       #.......     100%        4    #####..
 Summon Lightning Spire   Summ/Air       #.......     100%        4    #####..
 Aura of Abjuration       Summ           #.........   100%        5    ######.
 Bolt of Magma            Conj/Fire/Erth #.........   100%        5    ######.
 Borgnjor's Vile Clutch   Necr/Erth      ##........   100%        5    ######.
 Irradiate                Conj/Tmut      #.........   100%        5    ######.
 Iskenderun's Battlesphe  Conj/Chrm      #.......     100%        5    ######.
 Metabolic Englaciation   Hex/Ice        #.........   100%        5    ######.
 Silence                  Hex/Air        #.........   100%        5    ######.
 Summon Demon             Summ           #.........   100%        5    ######.
 Summon Forest            Summ/Tloc      #.........   100%        5    ######.
 Summon Mana Viper        Hex/Summ       #.......     100%        5    ######.
 Yara's Violent Unravell  Hex/Tmut       #.........   100%        5    ######.
 Darkness                 Hex            #.........   100%        6    #######
 Death Channel            Necr           ###.......   100%        6    #######
 Deflect Missiles         Chrm/Air       #.........   100%        6    #######
 Freezing Cloud           Conj/Ice/Air   #.........   100%        6    #######
 Hydra Form               Tmut           #.........   100%        6    #######
 Iron Shot                Conj/Erth      #.........   100%        6    #######
 Ozocubu's Refrigeration  Ice            #.........   100%        6    #######
 Shadow Creatures         Summ           N/A          100%        6    #######
 Simulacrum               Ice/Necr       ##........   100%        6    #######
 Statue Form              Tmut/Erth      #........    100%        6    #######
 Dragon Form              Tmut           #.........   100%        7    #######
 Haunt                    Necr/Summ      ##........   100%        7    #######
 Orb of Destruction       Conj           #.........   100%        7    #######
 Spellforged Servitor     Conj/Summ      #.........   100%        7    #######
 Borgnjor's Revivificati  Necr           ###.......   100%        8    #######
 Death's Door             Chrm/Necr      ##........   100%        8    #######
 Discord                  Hex            #.........   100%        8    #######
 Infestation              Necr           ###.......   100%        8    #######
 Necromutation            Tmut/Necr      ##........   100%        8    #######


Dungeon Overview and Level Annotations

Branches:
Dungeon (15/15)            Temple (1/1) D:6            Lair (6/6) D:11
 Shoals (2/4) Lair:2       Spider (4/4) Lair:3        Slime (0/5) Lair:6
    Orc (2/2) D:9             Elf (2/3) Orc:2        Vaults (4/5) D:13
  Crypt (2/3) Vaults:2     Depths (1/5) D:15         Bailey (visited)
  IceCv (visited)         Gauntlet (visited)

Altars:
Ashenzari
Cheibriados
Dithmenos
Elyvilon
Fedhas
Gozag
Hepliaklqana
Kikubaaqudgha
Makhleb
Nemelex Xobeh
Okawaru
Qazlal
Ru
Sif Muna
Trog
Uskayaw
Vehumet
Wu Jian
Xom
Yredelemnul
Zin
The Shining One

Shops:
D:7 [   D:9 [   D:10 (*   D:15 =   Orc:2 *=*[(   Elf:1 *%(}   Vaults:1 :
Vaults:4 *:

Annotations:
D:3 3 runed translucent doors, Grizz's ghost, amateur DsAK
Lair:3 exclusion: 2 oklob plants
Lair:6 3 runed translucent doors, Eptagon's ghost, journeyman GrBe
Orc:2 1 runed translucent door, DrunkenMaster's ghost, journeyman TrBe


Innate Abilities, Weirdness & Mutations

You have hooves in place of feet.
You are surrounded by a strong repulsion field. (EV +4, RMsl)
Your flesh is heat resistant. (rF+)
You regenerate health from kills.
When hurt, damage is shared between your health and your magic reserves.
You regenerate magic rapidly.
When low on magic, you restore magic in place of health.
You are immune to clouds of flame.
You are somewhat resistant to further mutation.
Your system is resistant to poisons. (rPois)


Message History

Unknown command.
You feel much better. The green death gestures at you.
The blast of poison engulfs you.
You are poisoned.
You resist.
* * * LOW HITPOINT WARNING * * *
Unknown command.
You feel sick.
The ancient champion casts a spell at you.
The stone arrow hits you!
* * * LOW HITPOINT WARNING * * *
You feel sick.
The ancient champion gestures at you while chanting.
The bolt of negative energy hits you but does no damage.
You feel drained.
You feel sick.
The ancient champion gestures at you while chanting.
The bolt of negative energy hits you!!
You feel drained.
You die...

......8#....# #.###'#.#
......##....# #.#...#.#
......8#....# #.#...#.#
......##....# #.#...#.#
#'''####....# #.#...#.#
.......#....###########.#####.#
.......#..........☼○○○).......#
###'####..........°z.○........#
................@...○○○.......#
..........###########..○......#
.....[....# #..2......#
..........# #.........#
..........###########.........#
................)...........>.#
###############################


You could see an ancient champion.

Vanquished Creatures
  Khufu (Crypt:1)
  Mara (Spider:4)
  Boris (twice) (Vaults:2 Crypt:2)
  Margery (Vaults:2)
  Arachne (Spider:3)
  An Ice Fiend (IceCv)
  2 sphinxes
  3 ancient champions
  2 fire giants (Vaults:2)
  5 vault wardens
  2 frost giants (Vaults:3)
  2 deep elf sorcerers
  5 ironheart preservers
  5 ghost moths
  An orc warlord (Orc:2)
  5 emperor scorpions
  4 ghouls (Crypt:1)
  A vampire knight (Crypt:1)
  4 stone giants
  7 entropy weavers
  A deep elf demonologist (Elf:1)
  A minotaur (Gauntlet)
  4 spark wasps
  2 deep elf death magi
  2 ettins (Vaults:3)
  A quicksilver dragon zombie (Crypt:1)
  3 fire dragons
  A merfolk impaler (Shoals:1)
  7 jiangshi
  4 yaktaur captains
  3 great orbs of eyes
  Harold (D:8)
  3 rakshasas
  13 vault guards
  A quicksilver dragon skeleton (Crypt:1)
  Erolcha (Orc:1)
  11 hydras
  An ice dragon (Vaults:1)
  3 catoblepae (Lair:6)
  7 centaur warriors
  10 two-headed ogres
  5 ogre magi
  A death knight (Vaults:1)
  6 death yaks
  A deep troll shaman (Crypt:1)
  31 dancing weapons
  A queen ant (Spider:2)
  5 orc high priests
  5 vampire magi
  Nergalle (D:11)
  A soul eater (Crypt:1)
  4 hell knights (Vaults:2)
  11 deep elf knights
  A titan skeleton (Crypt:1)
  9 skeletal warriors
  A shadow wraith (Crypt:2)
  15 deep trolls
  4 flayed ghosts
  A storm dragon skeleton (Vaults:1)
  An unseen horror (Vaults:1)
  5 phantasmal warriors
  2 tengu zombies
  An orange crystal statue (Vaults:1)
  A sea snake (Shoals:1)
  5 wizards
  11 ironbrand convokers
  13 harpies
  12 orc knights
  A shadow dragon zombie (Vaults:4)
  23 orb spiders
  A shadow dragon skeleton (Crypt:1)
  A tengu skeleton (Vaults:1)
  A frost giant zombie (Vaults:1)
  6 deep elf archers
  3 cyclopes
  2 wolf spider zombies
  9 necromancers
  4 orc sorcerers
  An orb spider (shapeshifter) (Vaults:2)
  35 ugly things
  43 deep elf magi
  40 wolf spiders
  3 manticores
  A shining eye (Gauntlet)
  A sphinx skeleton (Vaults:1)
  A stone giant zombie (Crypt:1)
  2 moths of wrath (Spider:4)
  2 merfolk sirens
  6 elephants
  3 gargoyles
  Maurice (D:8)
  A water nymph (Shoals:1)
  A centaur skeleton (D:12)
  9 black mambas
  11 spiny frogs
  A torpor snail (Spider:4)
  14 vault sentinels
  A rime drake (shapeshifter) (Vaults:4)
  4 komodo dragons
  An emperor scorpion zombie (Crypt:2)
  A kobold demonologist (D:15)
  10 freezing wraiths
  A rime drake (Lair:2)
  10 demonic crawlers
  2 golden dragon simulacra (IceCv)
  3 human zombies (D:13)
  2 death yak skeletons (Lair:6)
  6 ice devils (IceCv)
  A catoblepas skeleton (Lair:6)
  24 yaktaurs
  A white draconian skeleton (Crypt:2)
  A jumping spider (shapeshifter) (Vaults:3)
  44 jumping spiders
  A tengu conjurer (Depths:1)
  A meliai (shapeshifter) (Vaults:2)
  8 trolls
  3 merfolk (Shoals:1)
  An ice dragon zombie (D:13)
  A fire dragon zombie (Crypt:1)
  3 wolf spider simulacra
  2 sphinx simulacra (Vaults:4)
  9 hornets
  2 polar bears
  An ettin zombie (Crypt:1)
  4 human simulacra
  12 dream sheep
  A hydra skeleton (Lair:6)
  6 slime creatures
  A stone giant simulacrum (Vaults:3)
  13 blink frogs
  15 hippogriffs
  A meliai zombie (D:11)
  A tarantella zombie (Gauntlet)
  7 shadows
  A guardian serpent skeleton (Crypt:1)
  54 tarantellas
  A black mamba zombie (Crypt:2)
  68 redbacks
  41 yaks
  2 air elementals (Elf:1)
  An ettin skeleton (Vaults:4)
  An ice dragon skeleton (Crypt:1)
  4 dire elephant simulacra (IceCv)
  A human (D:8)
  A water elemental (Elf:2)
  5 wraiths
  3 basilisks
  A golden eye (Gauntlet)
  A wyvern (Lair:4)
  A fire elemental (Elf:2)
  4 hogs (D:8)
  2 hungry ghosts
  A hog (shapeshifter) (Vaults:2)
  A black mamba skeleton (Lair:6)
  A basilisk (shapeshifter) (Vaults:1)
  A steam dragon (Lair:2)
  2 elf skeletons
  2 vampire mosquitoes (D:12)
  2 harpy simulacra (IceCv)
  5 hydra simulacra
  6 wargs
  4 iron troll simulacra (IceCv)
  7 soldier ants (Spider:2)
  3 acid dragons
  A deep troll zombie (Crypt:1)
  3 elf zombies
  2 ogre skeletons (Vaults:1)
  12 porcupines
  13 water moccasins
  4 human skeletons
  2 spiny frog zombies (Lair:5)
  37 orc warriors
  An eye of draining (D:13)
  A snapping turtle zombie (Gauntlet)
  3 spiny frog skeletons (Lair:6)
  A swamp dragon zombie (Gauntlet)
  2 ice beasts
  An ice beast (shapeshifter) (D:14)
  A black bear (D:12)
  2 phantoms
  6 sky beasts
  2 elephant zombies (Lair:3)
  7 boggarts
  A necrophage (D:10)
  10 wolves
  19 ogres
  10 crocodiles
  20 centaurs
  A blink frog skeleton (Lair:6)
  A crocodile (shapeshifter) (Vaults:3)
  A komodo dragon zombie (D:13)
  4 big kobolds
  A hippogriff zombie (Lair:5)
  12 bullfrogs
  A gnoll sergeant (D:6)
  2 yaktaur skeletons
  An earth elemental (Elf:1)
  A glowing shapeshifter simulacrum (Vaults:1)
  2 wyvern zombies
  2 deep troll simulacra (Crypt:1)
  A salamander skeleton (Crypt:1)
  3 komodo dragon skeletons
  5 wyvern skeletons
  A hornet simulacrum (Vaults:1)
  7 scorpions
  6 killer bees (D:8)
  29 wights
  A troll zombie (Crypt:1)
  2 vampire bats (Lair:4)
  2 howler monkeys (D:14)
  3 yak skeletons (Lair:6)
  A centaur zombie (D:7)
  12 electric eels
  13 crimson imps
  2 draconian simulacra (IceCv)
  A bullfrog zombie (D:12)
  A quasit (D:11)
  2 yaktaur simulacra (Vaults:1)
  A basilisk zombie (D:15)
  20 orc priests
  6 hounds
  10 jellies
  19 orc wizards
  A gnoll shaman (D:6)
  6 bullfrog skeletons
  An iguana (D:8)
  A polar bear simulacrum (IceCv)
  32 worker ants
  2 troll simulacra (IceCv)
  A killer bee zombie (D:8)
  A wolf simulacrum (IceCv)
  A deep dwarf zombie (Crypt:1)
  3 centaur simulacra (IceCv)
  A crocodile zombie (Lair:3)
  An acid dragon skeleton (Crypt:2)
  A big kobold skeleton (D:13)
  3 mummies (Crypt:1)
  3 worker ant zombies
  17 gnolls
  5 adders
  2 naga simulacra (IceCv)
  An ogre simulacrum (IceCv)
  7 shadow imps
  6 white imps (IceCv)
  3 ufetubi (IceCv)
  4 oozes
  4 orc zombies
  2 adder zombies (D:9)
  An electric eel skeleton (D:13)
  An electric eel zombie (D:13)
  5 worms
  A worm (shapeshifter) (Vaults:3)
  3 dart slugs
  9 leopard geckos
  78 orcs
  7 giant cockroaches
  18 goblins
  16 hobgoblins
  3 jackals (D:8)
  5 quokkas
  4 ball pythons
  11 bats
  2 frilled lizards
  A giant cockroach zombie (D:15)
  28 kobolds
  A kobold skeleton (D:13)
  3 leopard gecko zombies
  2 orc skeletons
  2 quokka skeletons
  8 rats
  A rat skeleton (D:13)
  A plant (Lair:2)
1606 creatures vanquished.

Vanquished Creatures (collateral kills)
  A shadow wraith (Crypt:2)
  A flayed ghost (Crypt:2)
  A wraith (Crypt:2)
  2 black mamba skeletons (Lair:6)
  An elephant skeleton (Lair:6)
  A bullfrog skeleton (Lair:6)
7 creatures vanquished.

Vanquished Creatures (others)
  Asterion (Spider:4)
  A stone giant (Vaults:2)
  2 yaktaur captains
  2 centaur warriors
  A tengu warrior (Depths:1)
  A deep elf knight (Elf:1)
  A shadow wraith (Vaults:4)
  A deep elf archer (Elf:2)
  A cyclops (Orc:1)
  6 yaktaurs
  A dream sheep (Lair:6)
  A water elemental (Elf:2)
  11 insubstantial wisps (Elf:2)
  An orc warrior (Vaults:1)
  5 centaurs
  An orc wizard (Vaults:4)
  2 ufetubi (IceCv)
  A hobgoblin (D:6)
  A kobold (D:6)
  4 fungi
  7 plants
  A withered plant (D:11)
53 creatures vanquished.

Grand Total: 1666 creatures vanquished

Notes
Turn   | Place    | Note
-------+----------+-------------------------------------------
     0 | D:1      | Hasart the Demonspawn Gladiator began the quest for the
                  | Orb.
     0 | D:1      | Reached XP level 1. HP: 16/16 MP: 1/1
   309 | D:1      | Gained mutation: When hurt, damage is shared between your
                  | health and your magic reserves. [demonic ancestry]
   309 | D:1      | Reached XP level 2. HP: 22/22 MP: 2/2
  1060 | D:2      | Reached XP level 3. HP: 24/28 MP: 3/3
  1766 | D:2      | Reached XP level 4. HP: 13/34 MP: 2/4
  2054 | D:1      | Reached skill level 3 in Fighting
  3269 | D:3      | Reached XP level 5. HP: 41/41 MP: 5/5
  3302 | D:3      | Found a runed translucent gate.
  3302 | D:3      | Found a runed translucent gate.
  3309 | D:3      | Found a runed translucent gate.
  3337 | D:3      | Noticed Grizz's ghost (amateur DsAK)
  3979 | D:4      | Reached skill level 1 in Shields
  3979 | D:4      | Reached XP level 6. HP: 45/47 MP: 3/6
  4075 | D:4      | Found a burning altar of Makhleb.
  4859 | D:5      | Entered Level 5 of the Dungeon
  4880 | D:5      | Gained mutation: You have large cloven feet. [demonic
                  | ancestry]
  4880 | D:5      | Reached XP level 7. HP: 52/53 MP: 7/7
  4901 | D:5      | Noticed a hippogriff
  4915 | D:5      | Reached skill level 4 in Fighting
  4915 | D:5      | Reached skill level 5 in Maces & Flails
  4923 | D:5      | Killed a hippogriff
  5349 | D:5      | Found a glowing silver altar of Zin.
  5350 | D:5      | Found a sacrificial altar of Ru.
  5350 | D:5      | Found an opulent altar of Gozag.
  5350 | D:5      | Found a radiant altar of Vehumet.
  5363 | D:5      | Found a hide-covered altar of Uskayaw.
  5363 | D:5      | Found a sparkling altar of Nemelex Xobeh.
  5766 | D:6      | Gained mutation: You are surrounded by a mild repulsion
                  | field. (EV +2) [demonic ancestry]
  5766 | D:6      | Reached XP level 8. HP: 51/61 MP: 8/8
  5867 | D:6      | Found a staircase to the Ecumenical Temple.
  5876 | Temple   | Entered the Ecumenical Temple
  5880 | Temple   | Became a worshipper of Kikubaaqudgha
  5939 | D:6      | Reached skill level 1 in Evocations
  6091 | D:6      | Found a shimmering altar of Xom.
  6092 | D:6      | Found a hazy altar of Hepliaklqana.
  6092 | D:6      | Noticed a hell beast
  6093 | D:6      | Noticed a spectral ugly thing
  6093 | D:6      | Noticed a hell beast
  6448 | D:6      | Reached skill level 5 in Fighting
  7498 | D:7      | Reached * piety under Kikubaaqudgha
  7498 | D:7      | Identified Kikubaaqudgha's Papyrus of Sinister Arts
                  | (Kikubaaqudgha gifted it to you on level 7 of the Dungeon)
  7498 | D:7      | Received a gift from Kikubaaqudgha
  7498 | D:7      | Gained mutation: You regenerate magic rapidly. [demonic
                  | ancestry]
  7498 | D:7      | Reached XP level 9. HP: 60/68 MP: 9/11
  7965 | D:7      | Identified the Papyrus of the Escort and Fire
  7987 | D:7      | Found Naghiedgh's Antique Armour Emporium.
  7995 | D:7      | Bought a shiny chain mail for 195 gold pieces
  8384 | D:8      | Noticed Maurice
  8414 | D:8      | Killed Maurice
  8414 | D:8      | Reached skill level 1 in Armour
  8478 | D:8      | Noticed Harold
  8485 | D:8      | Killed Harold
  8485 | D:8      | Reached skill level 6 in Fighting
  8485 | D:8      | Reached skill level 5 in Throwing
  9222 | D:8      | Gained mutation: You have hoof-like feet. [demonic
                  | ancestry]
  9222 | D:8      | Reached XP level 10. HP: 50/77 MP: 13/13
  9472 | D:8      | Reached skill level 5 in Shields
  9715 | D:8      | Reached ** piety under Kikubaaqudgha
 10048 | D:9      | Found a flagged portal.
 10089 | D:9      | Found Aroli's Armour Shop.
 10090 | D:9      | Found a staircase to the Orcish Mines.
 10159 | Bailey   | Entered a bailey
 10607 | Bailey   | Found an iron altar of Okawaru.
 10607 | Bailey   | Noticed an orc high priest
 10607 | Bailey   | Noticed an orc sorcerer
 10617 | Bailey   | Noticed a sixfirhy
 10617 | Bailey   | Noticed a rust devil
 10624 | Bailey   | Noticed a smoke demon
 10624 | Bailey   | Killed an orc sorcerer
 10625 | Bailey   | Killed an orc high priest
 10625 | Bailey   | Reached skill level 5 in Evocations
 10649 | Bailey   | Noticed an orc knight
 10666 | Bailey   | Reached *** piety under Kikubaaqudgha
 10666 | Bailey   | Identified Kikubaaqudgha's Guide on Unholy Rites
                  | (Kikubaaqudgha gifted it to you in a bailey)
 10666 | Bailey   | Received a gift from Kikubaaqudgha
 10672 | Bailey   | Killed an orc knight
 10672 | Bailey   | Reached skill level 7 in Fighting
 10972 | Bailey   | Noticed an orc knight
 11039 | Bailey   | Killed an orc knight
 11123 | Bailey   | Noticed an orc knight
 11146 | Bailey   | Killed an orc knight
 11146 | Bailey   | Gained mutation: You regenerate a little health from kills.
                  | [demonic ancestry]
 11146 | Bailey   | Reached XP level 11. HP: 77/84 MP: 15/15
 11839 | D:10     | Entered Level 10 of the Dungeon
 11944 | D:10     | Found Mofrut's General Store.
 11954 | D:10     | Bought 2 potions of mutation for 176 gold pieces
 11954 | D:10     | Bought a scroll of enchant weapon for 82 gold pieces
 11954 | D:10     | Bought a scroll of remove curse for 33 gold pieces
 11962 | D:10     | Found Veac's Antique Weapon Boutique.
 11999 | D:10     | Bought a glowing flail for 208 gold pieces
 12176 | D:10     | Reached **** piety under Kikubaaqudgha
 12641 | D:11     | Noticed a two-headed ogre
 12729 | D:11     | Reached skill level 10 in Maces & Flails
 12903 | D:11     | Reached ***** piety under Kikubaaqudgha
 12943 | D:11     | Noticed Nergalle
 12960 | D:11     | Killed Nergalle
 13107 | D:11     | Reached skill level 8 in Fighting
 13107 | D:11     | Reached skill level 5 in Armour
 13493 | D:11     | Noticed a sphinx
 13504 | D:11     | Killed a sphinx
 13504 | D:11     | Gained mutation: You are surrounded by a moderate repulsion
                  | field. (EV +3) [demonic ancestry]
 13504 | D:11     | Reached XP level 12. HP: 87/93 MP: 15/17
 13558 | D:11     | Found a staircase to the Lair.
 13907 | Lair:1   | Entered Level 1 of the Lair of Beasts
 14050 | Lair:1   | You fall into a shaft and drop 1 floor!
 14701 | Lair:1   | Reached skill level 9 in Fighting
 14817 | Lair:1   | Noticed a five-headed hydra
 14825 | Lair:1   | Killed a five-headed hydra
 15775 | Lair:2   | Noticed a six-headed hydra
 15788 | Lair:2   | Killed a six-headed hydra
 15936 | Lair:2   | Found a staircase to the Shoals.
 16809 | Lair:3   | Gained mutation: You are surrounded by a strong repulsion
                  | field. (EV +4, RMsl) [demonic ancestry]
 16809 | Lair:3   | Reached XP level 13. HP: 101/101 MP: 18/18
 16821 | Lair:3   | Identified a scroll of acquirement
 17198 | Lair:3   | Found a hole to the Spider Nest.
 17319 | Lair:3   | Reached skill level 10 in Fighting
 17894 | Orc:1    | Entered Level 1 of the Orcish Mines
 17894 | Orc:1    | Noticed Erolcha
 17902 | Orc:1    | Killed Erolcha
 17958 | Orc:2    | Entered Level 2 of the Orcish Mines
 17958 | Orc:2    | Found a runed translucent door.
 17960 | Orc:2    | Noticed DrunkenMaster's ghost (journeyman TrBe)
 18243 | Orc:2    | Found Pido's General Store.
 18261 | Orc:2    | Bought 5 curare-tipped darts for 30 gold pieces
 18261 | Orc:2    | Bought a potion of heal wounds for 50 gold pieces
 18273 | Orc:2    | Noticed an orc warlord
 18279 | Orc:1    | Reached ****** piety under Kikubaaqudgha
 18799 | Orc:2    | Found a staircase to the Elven Halls.
 18799 | Orc:2    | Found Buvaokhlu's Antique Weapon Shoppe.
 18808 | Orc:2    | Bought a smoking whip for 195 gold pieces
 18814 | Orc:2    | Identified the cursed +2 whip of the Messenger {vorpal,
                  | rF+++ rC+ Int+4 Dex-3} (You bought it in a shop on level 2
                  | of the Orcish Mines)
 18854 | Orc:2    | Found Teumasm's Antique Armour Emporium.
 19171 | Orc:2    | Reached skill level 11 in Fighting
 19221 | Orc:2    | Killed an orc warlord
 19323 | Orc:2    | Found a shimmering altar of Xom.
 19341 | Orc:2    | Found Yrchurphea's Jewellery Shop.
 19459 | Orc:2    | Found Uneaseimp's Assorted Antiques.
 19474 | Orc:2    | Bought a scroll labeled IKUCHAP YNTIME for 27 gold pieces
 19567 | Orc:2    | Bought a bloodstained dire flail for 243 gold pieces
 19567 | Orc:2    | Identified the +6 dire flail of Qaasetel {venom, Fragile
                  | +Fly Str-5 SInv} (You bought it in a shop on level 2 of the
                  | Orcish Mines)
 19725 | Lair:4   | Received a gift from Kikubaaqudgha
 20341 | Lair:4   | Gained mutation: You have hooves in place of feet. [demonic
                  | ancestry]
 20341 | Lair:4   | Reached XP level 14. HP: 113/113 MP: 19/19
 20536 | Lair:4   | Reached XP level 15. HP: 79/119 MP: 13/20
 21239 | Lair:6   | Entered Level 6 of the Lair of Beasts
 21376 | Lair:5   | Reached skill level 12 in Fighting
 21967 | Temple   | Fell from the grace of Kikubaaqudgha
 21967 | Temple   | Became a worshipper of Makhleb the Destroyer
 22318 | Lair:6   | Found a runed translucent gate.
 22540 | Lair:6   | Found a runed translucent gate.
 22540 | Lair:6   | Found a runed translucent gate.
 22560 | Lair:6   | Noticed Eptagon's ghost (journeyman GrBe)
 22710 | Lair:6   | Found a staircase to the Slime Pits.
 22968 | Lair:6   | Reached skill level 10 in Throwing
 23207 | Lair:6   | Reached * piety under Makhleb
 23289 | Lair:6   | Reached skill level 10 in Shields
 24520 | D:12     | Found Rocat's Assorted Antiques.
 24989 | D:13     | Found a gate to the Vaults.
 25002 | D:13     | Reached skill level 13 in Fighting
 25115 | D:13     | Reached ** piety under Makhleb
 25243 | D:13     | Reached skill level 5 in Dodging
 25264 | D:13     | Found a gate leading to a gauntlet.
 25276 | Gauntlet | Entered a Gauntlet
 25276 | Gauntlet | Found a transporter.
 25276 | Gauntlet | Found a transporter.
 25276 | Gauntlet | Found a transporter.
 25356 | Gauntlet | Found a transporter.
 25359 | Gauntlet | Found a transporter.
 25370 | Gauntlet | Found a transporter.
 25392 | Gauntlet | Found a transporter.
 25561 | Gauntlet | Found a transporter.
 25597 | Gauntlet | Found a transporter.
 25605 | Gauntlet | Found a transporter.
 25625 | Gauntlet | Found a transporter.
 25631 | Gauntlet | Found a transporter.
 26594 | Gauntlet | Gained mutation: Scrolls take you a little longer to read.
                  | [a shining eye]
 26604 | Gauntlet | Got a sparkling steel ring
 26642 | Gauntlet | Lost mutation: Scrolls take you a little longer to read.
                  | [potion of mutation]
 26642 | Gauntlet | Gained mutation: You are clumsy. (Dex -2) [potion of
                  | mutation]
 26642 | Gauntlet | Gained mutation: Armour fits poorly on your strangely
                  | shaped body. [potion of mutation]
 26642 | Gauntlet | Gained mutation: You are somewhat resistant to further
                  | mutation. [potion of mutation]
 26643 | Gauntlet | Lost mutation: Armour fits poorly on your strangely shaped
                  | body. [potion of mutation]
 26643 | Gauntlet | Lost mutation: You are clumsy. (Dex -2) [potion of
                  | mutation]
 26643 | Gauntlet | Gained mutation: Your system is resistant to poisons.
                  | (rPois) [potion of mutation]
 26679 | Gauntlet | Identified the ring "Wieboixa" {rCorr MP+9} (You found it
                  | in a Gauntlet)
 26900 | Gauntlet | Identified Sif Muna's Guide on Malediction
 27799 | D:14     | Reached *** piety under Makhleb
 28198 | D:14     | Reached XP level 16. HP: 99/130 MP: 19/21
 28310 | D:14     | Found an iron altar of Okawaru.
 28322 | D:14     | Identified the +3 spear "Vupt" {antimagic, rC++ Str-4
                  | Int+4}
 28995 | D:15     | Entered Level 15 of the Dungeon
 29112 | D:15     | Found a shattered altar of Ashenzari.
 29217 | D:15     | Reached **** piety under Makhleb
 29235 | D:15     | Reached skill level 1 in Invocations
 29318 | D:15     | Reached skill level 15 in Maces & Flails
 29321 | D:15     | Found Onar's Jewellery Emporium.
 29931 | D:15     | Found a staircase to the Depths.
 30029 | Depths:1 | Entered Level 1 of the Depths
 30052 | Depths:1 | Reached skill level 14 in Fighting
 30520 | Shoals:1 | Entered Level 1 of the Shoals
 31425 | Spider:1 | Entered Level 1 of the Spider Nest
 31582 | Spider:1 | Reached ***** piety under Makhleb
 31786 | Spider:1 | Was forgiven by Kikubaaqudgha
 33199 | Spider:2 | Found a frozen archway.
 33207 | IceCv    | Entered an ice cave
 33796 | IceCv    | Noticed an Ice Fiend
 33829 | IceCv    | Reached skill level 5 in Invocations
 33879 | IceCv    | Killed an Ice Fiend
 34916 | Spider:2 | Gained mutation: When low on magic, you restore magic in
                  | place of health. [demonic ancestry]
 34916 | Spider:2 | Reached XP level 17. HP: 90/140 MP: 22/22
 35407 | Spider:2 | Reached skill level 15 in Fighting
 35422 | Spider:2 | Reached ****** piety under Makhleb
 35525 | Spider:2 | Found a runed translucent door.
 36394 | Spider:2 | Identified the +1 chain mail of Okawaru's Envy {+Fly Str+2}
                  | (You found it on level 2 of the Spider Nest)
 36817 | Spider:3 | Noticed Arachne
 36842 | Spider:3 | Killed Arachne
 37660 | Spider:4 | Entered Level 4 of the Spider Nest
 37916 | Spider:3 | Reached skill level 10 in Dodging
 38777 | Spider:4 | Noticed Asterion
 38792 | Spider:4 | Killed Asterion
 38890 | Spider:4 | Noticed Mara
 38895 | Spider:4 | Noticed Hasart's illusion
 38978 | Spider:3 | HP: 5/144 [spark wasp/living lightning (16)]
 39331 | Spider:4 | Noticed Hasart's illusion
 39333 | Spider:4 | Killed Mara
 39333 | Spider:4 | Reached skill level 16 in Fighting
 39333 | Spider:4 | Gained mutation: You regenerate health from kills. [demonic
                  | ancestry]
 39333 | Spider:4 | Reached XP level 18. HP: 151/151 MP: 24/24
 40096 | Spider:4 | Got a gossamer rune of Zot
 40419 | Elf:1    | Entered Level 1 of the Elven Halls
 40598 | Elf:1    | Found Oraiwke's Gadget Emporium.
 40734 | Elf:1    | Found Wekhium's Assorted Antiques.
 41031 | Elf:1    | Found Uforel's Antique Weapon Shoppe.
 41048 | Elf:1    | Bought a wand of iceblast (9) for 195 gold pieces
 41058 | Elf:1    | Found Raiplev's Food Boutique.
 41595 | Elf:2    | Reached skill level 10 in Invocations
 41595 | Elf:2    | Gained mutation: Your flesh is heat resistant. (rF+)
                  | [demonic ancestry]
 41595 | Elf:2    | Reached XP level 19. HP: 158/158 MP: 26/26
 41956 | Elf:2    | Found a huge runed translucent gate.
 41956 | Elf:2    | Found a huge runed translucent gate.
 41956 | Elf:2    | Found a huge runed translucent gate.
 41956 | Elf:2    | Found a huge runed translucent gate.
 41956 | Elf:2    | Found a huge runed translucent gate.
 43366 | Vaults:1 | Entered Level 1 of the Vaults
 43376 | Vaults:1 | Reached XP level 20. HP: 142/166 MP: 21/27
 43684 | Vaults:1 | Paralysed by an orc sorcerer for 3 turns
 44277 | Vaults:1 | Found Vamuas's Book Emporium.
 45306 | Vaults:2 | Noticed Margery
 45323 | Vaults:2 | Killed Margery
 45323 | Vaults:2 | Reached skill level 17 in Fighting
 45489 | Vaults:2 | Noticed Boris
 45508 | Vaults:2 | Killed Boris
 45508 | Vaults:2 | Reached skill level 10 in Necromancy
 45881 | Vaults:2 | Found a staircase to the Crypt.
 45881 | Vaults:2 | Found a basalt altar of Yredelemnul.
 45881 | Vaults:2 | Found an ancient bone altar of Kikubaaqudgha.
 46268 | Vaults:2 | Found a shattered altar of Ashenzari.
 46350 | Vaults:2 | Reached XP level 21. HP: 174/174 MP: 28/28
 47723 | Vaults:4 | Found Kilum's General Store.
 48592 | Vaults:4 | Found Palongep's Book Boutique.
 48827 | Crypt:1  | Entered Level 1 of the Crypt
 48949 | Crypt:1  | Identified the +5 great mace "Alurutz" {vorpal, *Corrode
                  | rPois rF++} (You found it on level 1 of the Crypt)
 49300 | Crypt:1  | Noticed Khufu
 49322 | Crypt:1  | Killed Khufu
 49642 | Crypt:1  | Reached skill level 18 in Fighting
 49987 | Crypt:2  | Noticed Boris
 50011 | Crypt:2  | Killed Boris
 50011 | Crypt:2  | Gained mutation: You are immune to clouds of flame.
                  | [demonic ancestry]
 50011 | Crypt:2  | Reached XP level 22. HP: 78/184 MP: 21/29
 50663 | Crypt:1  | Killed from afar by an ancient champion

Levels and vault maps discovered:
D:1:      minmay_arrival_nine_rooms, layout_loops_corners
D:2:      layout_basic
D:3:      layout_basic, cheibrodos_sewer_entry_drain, ebering_ghost_rock_garden
D:4:      layout_rooms, makhleb_blood_cavern_becter
D:5:      layout_basic, minmay_overflow_temple_hex, first_ration,
          hangedman_abyss_or_decor_lesser_grid
D:6:      kennysheep_housing_project, layout_cave_pools,
          regret_index_temple_of_mockery, minmay_temple_entry_statues_fountains
D:7:      layout_basic, serial_shops, shop, minmay_crystal_room
D:8:      layout_basic, grunt_livestock, uniq_maurice, uniq_harold
D:9:      layout_basic, orc_david_3, enter_bailey_8, kennysheep_nub,
          minmay_misc_feat_room
D:10:     layout_irregular_city, serial_shops, shop, shop
D:11:     layout_basic, david_lair_shrubbed, serial_undead, serial_undead_e,
          serial_undead_c, serial_undead_e, serial_undead_e,
          kennysheep_just_a_vault, uniq_nergalle
D:12:     layout_basic, serial_shops, shop, minmay_liquid_box
D:13:     layout_basic, erik_vaults_2, gauntlet_entry_generic, minivault_26
D:14:     layout_loops_ring, okawaru_ov_weapons_minmay,
          kennysheep_generic_room_9
D:15:     grunt_enter_depths_snipers, layout_small_grid, serial_shops, shop,
          evilmike_ruin_ashenzari
Temple:   zaba_magenta_temple
Lair:1:   cheibrodos_lair_river_kwai, layout_chaotic_city
Lair:2:   layout_gridlike, minmay_shoals_entry_lonely_mermaid,
          serial_bayou_ford_a, serial_bayou_lagoon_a
Lair:3:   pond_and_an_island_with_a_cottage, layout_regular_city,
          spider_nest_entry_funnel_web, grunt_megastairs_1,
          minmay_lair_oklob_chamber
Lair:4:   layout_hall_layers, roderic_batcave, nicolae_quartered_pool_little
Lair:5:   layout_roguey, chequers_serial_rivers_small_a, grunt_megastairs_5
Lair:6:   evilmike_catoblepas_cave, layout_hall_layers,
          nicolae_slime_entry_slimehenge, maelrawn_ghost_gauntlet_escape
Shoals:1: layout_shoals, serial_shops, shop_statue
Shoals:2: layout_shoals
Spider:1: layout_spider_delve
Spider:2: cheibrodos_spider_deadly_dance, portal_ice_cave_entry_pillars_2,
          minmay_another_anthill
Spider:3: layout_spider_delve, drop_trap, uniq_arachne
Spider:4: spider_rune_water, nicolae_arachne_temple, uniq_mara, uniq_asterion
Orc:1:    layout_diamond_mine, mines4_lemuel, uniq_erolcha
Orc:2:    grunt_orc_gardens, layout_caves, grunt_orc_garden, grunt_orc_garden,
          grunt_orc_garden, grunt_orc_garden, serial_shops,
          nicolae_shop_temple_entry_statues_fountains, basic_altar,
          ebering_ghost_inner_flame
Elf:1:    layout_geoelf_diagonals, serial_shops, nicolae_shop_waterfront, shop,
          nicolae_shop_trees, shop, hangedman_elf_disciples
Elf:2:    layout_gridlike, serial_aquarium, aquarium_bridge_square
          [aquarium_subvault_bridge, aquarium_subvault_wall,
          aquarium_subvault_balcony, aquarium_subvault_wall],
          aquarium_window_fake, aquarium_window_fake, aquarium_window_corner,
          aquarium_view_2d, aquarium_pool_five, minivault_11, minivault_20
Vaults:1: hangedman_vaults_capsules, vaults_dpeg_hooks,
          ontoclasm_vaults_ring_large, nicolae_vaults_circle_grid_a,
          hangedman_vaults_stream, vaults_room_pools, v_rooms_2,
          vaults_dpeg_ring, ontoclasm_vaults_ring_square,
          vaults_dpeg_encased_lava, nicolae_vaults_little_squares_3,
          nicolae_vaults_statue_guard, nicolae_vaults_ring_of_whatevers,
          ontoclasm_vaults_gateway, layout_vaults_omnibox, serial_shops, shop
Vaults:2: ontoclasm_vaults_pinch, vaults_dpeg_cross,
          nicolae_vaults_little_squares_4, ontoclasm_vaults_eye,
          minmay_crypt_entry_necro_gods, nicolae_vaults_stairing_the_circle,
          dpeg_vaults_monster_box, nicolae_vaults_diagonal_hallway_8,
          ontoclasm_vaults_decontamination, v_misc_27,
          nicolae_vaults_puzzle_piece, layout_vaults_omnicross, basic_altar,
          uniq_margery, uniq_boris
Vaults:3: grunt_vaults_twisty, st_cells, hangedman_vaults_slice,
          nicolae_vaults_ninety_degrees, v_misc_2,
          hangedman_vaults_corner_blocks, layout_vaults_big_room
Vaults:4: vaults_standard_mumra_x, vaults_mumra_hex,
          hangedman_vaults_corner_blocks, nicolae_vaults_yaktaur_gun_rack,
          vaults_room_pools, v_alt_pattern_2, nicolae_vaults_little_squares_4,
          v_pattern_1, grunt_vaults_focal, vaults_room_mumra_shop_pool,
          ontoclasm_vaults_claustrophobia, layout_vaults_maze_snakey,
          serial_shops, nicolae_shop_crystal
Crypt:1:  layout_chaotic_city, minivault_26, minivault_24,
          hangedman_weighted_door, skrybe_necro_troll_1, uniq_khufu
Crypt:2:  layout_rooms, item_on_display_a
Depths:1: layout_gridlike, enter_ziggurat_c, rand_demon_pan_entry_1,
          corexii_corridor_pit, hell_entry, abyss_entry, minmay_misc_feat_roman,
          uniq_aizul

Skill      XL: |  1  2  3  4  5  6  7  8  9 10 11 12 13 14 15 16 17 18 19 20 21 |
---------------+----------------------------------------------------------------+-----
Maces & Flails | 3 4 5 7 8 9 10 12 13 14 15 16 17 | 17.9
Dodging        | 3 4 5 8 10 11 12 | 12.0
Fighting       | 3 4 5 6 7 8 9 11 13 14 16 17 18 | 18.1
Throwing       | 2 3 4 5 6 7 8 9 10 11 12 13 14 | 14.6
Shields        | 1 2 3 4 5 6 8 9 10 11 12 13 14 | 14.5
Evocations     | 2 4 5 6 7 |  7.0
Armour         | 2 4 5 7 8 9 |  9.0
Necromancy     | 6 7 8 10 12 | 12.3
Invocations    | 5 8 10 | 10.1

Action                   |  1- 3 |  4- 6 |  7- 9 | 10-12 | 13-15 | 16-18 | 19-21 | 22-24 || total
-------------------------+-------+-------+-------+-------+-------+-------+-------+-------++-------
Melee: Flail             |   108 |    96 |       |   617 |  1477 |  1464 |       |       ||  3762
       Hand axe          |       |   129 |   384 |   254 |       |       |       |       ||   767
       Kick              |       |       |   108 |   321 |   712 |   876 |   907 |    48 ||  2972
       Morningstar       |       |       |       |       |       |   447 |  1393 |       ||  1840
       Eveningstar       |       |       |       |       |       |       |   406 |    80 ||   486
Throw: Boomerang         |       |    10 |    28 |    15 |    23 |    90 |    13 |       ||   179
       Dart              |       |       |       |     8 |     9 |     4 |       |       ||    21
       Javelin           |       |       |       |       |       |    22 |     5 |     3 ||    30
Invok: Receive Necronomi |       |       |       |       |     1 |       |       |       ||     1
       Minor Destruction |       |       |       |       |       |     2 |       |       ||     2
       Lesser Servant of |       |       |       |       |       |     2 |       |       ||     2
       Greater Servant o |       |       |       |       |       |       |     1 |     1 ||     2
Evoke: Wand              |       |       |    16 |    11 |    14 |    23 |     1 |       ||    65
  Use: Potion            |       |     3 |       |     9 |     3 |     5 |     2 |     1 ||    23
       Scroll            |       |       |       |    12 |    18 |     4 |     7 |     2 ||    43
 Stab: Sleeping          |     1 |       |       |       |       |       |       |       ||     1
       Distracted        |       |     1 |       |       |     1 |     3 |     1 |       ||     6
       Petrified         |       |       |       |       |     7 |       |       |       ||     7
       Held in net/web   |       |       |       |       |       |     2 |       |       ||     2
  Eat: Chunk             |     1 |     9 |    13 |    19 |    32 |    28 |    29 |       ||   131
       Ration            |       |     1 |       |     2 |     2 |     5 |       |     1 ||    11
Armor: Leather armour    |    27 |    52 |    45 |       |       |       |       |       ||   124
       Chain mail        |       |       |    36 |   265 |   401 |   525 |   322 |    12 ||  1561
Dodge: Dodged            |    79 |   120 |   121 |   229 |   429 |   933 |   819 |    28 ||  2758
       Deflected         |       |       |       |       |     5 |    26 |    35 |     2 ||    68
Block: Other             |       |    24 |       |       |       |       |       |       ||    24
       Reflection        |       |     7 |     5 |    13 |    15 |    42 |    95 |     2 ||   179
       Shield            |       |    78 |   235 |   629 |  1012 |  1638 |  1541 |    49 ||  5182

Table legend:
 A = Non-vault XP
 B = Vault XP
 C = Vault XP percentage of total XP
 D = Non-vault monster count
 E = Vault monster count
 F = Vault count percentage of total count
                 A         B        C        D         E       F
            +---------+---------+-------+---------+---------+-------
      Total |  336752 |  247631 |  42.4 |    1050 |     534 |  33.7
            +---------+---------+-------+---------+---------+-------
        D:1 |      48 |       0 |   0.0 |      22 |       0 |   0.0
        D:2 |     135 |       0 |   0.0 |      25 |       0 |   0.0
        D:3 |     263 |       7 |   2.6 |      31 |       2 |   6.1
        D:4 |     234 |      42 |  15.2 |      19 |       1 |   5.0
        D:5 |     611 |      14 |   2.2 |      18 |       1 |   5.3
        D:6 |     374 |     745 |  66.6 |      14 |      26 |  65.0
        D:7 |     654 |       0 |   0.0 |      15 |       0 |   0.0
        D:8 |    1237 |    2422 |  66.2 |      23 |       7 |  23.3
        D:9 |     805 |     157 |  16.3 |      16 |       6 |  27.3
       D:10 |    3570 |       0 |   0.0 |      42 |       0 |   0.0
       D:11 |    6114 |    3571 |  36.9 |      39 |       6 |  13.3
       D:12 |    1195 |       0 |   0.0 |      10 |       0 |   0.0
       D:13 |    4376 |    7873 |  64.3 |      32 |       8 |  20.0
       D:14 |    9175 |       0 |   0.0 |      38 |       0 |   0.0
       D:15 |    9472 |    2343 |  19.8 |      30 |       3 |   9.1
     Temple |      33 |       0 |   0.0 |       1 |       0 |   0.0
     Lair:1 |    4560 |    2553 |  35.9 |      23 |       6 |  20.7
     Lair:2 |    4256 |     481 |  10.2 |      17 |       1 |   5.6
     Lair:3 |    4792 |    4291 |  47.2 |      17 |      19 |  52.8
     Lair:4 |    5554 |     123 |   2.2 |      21 |       7 |  25.0
     Lair:5 |    9763 |    1228 |  11.2 |      33 |       6 |  15.4
     Lair:6 |    5184 |   10620 |  67.2 |      20 |      24 |  54.5
   Shoals:1 |    6256 |       0 |   0.0 |      12 |       0 |   0.0
   Spider:1 |   19703 |    1359 |   6.5 |      53 |       3 |   5.4
   Spider:2 |   16545 |   12687 |  43.4 |      47 |      42 |  47.2
   Spider:3 |   22160 |    5163 |  18.9 |      45 |       5 |  10.0
   Spider:4 |    8993 |   43881 |  83.0 |      22 |      75 |  77.3
      Orc:1 |    1820 |    2418 |  57.1 |      19 |       8 |  29.6
      Orc:2 |    1626 |    7948 |  83.0 |      11 |      20 |  64.5
      Elf:1 |   15292 |    5594 |  26.8 |      25 |       9 |  26.5
      Elf:2 |   14498 |   24349 |  62.7 |      24 |      31 |  56.4
   Vaults:1 |   43165 |   17164 |  28.5 |      76 |      30 |  28.3
   Vaults:2 |   35613 |   26636 |  42.8 |      64 |      24 |  27.3
   Vaults:3 |   15652 |   20763 |  57.0 |      31 |      31 |  50.0
   Vaults:4 |    8997 |   12211 |  57.6 |      18 |      25 |  58.1
    Crypt:1 |   34272 |   13526 |  28.3 |      64 |      13 |  16.9
    Crypt:2 |   15716 |       0 |   0.0 |      24 |       0 |   0.0
   Depths:1 |    3271 |       0 |   0.0 |       6 |       0 |   0.0
     Bailey |       0 |    3974 | 100.0 |       0 |      35 | 100.0
      IceCv |       0 |    9961 | 100.0 |       0 |      48 | 100.0
   Gauntlet |     768 |    3527 |  82.1 |       3 |      12 |  80.0
            +---------+---------+-------+---------+---------+-------
